Map: Central Protocol

Players

Wellmet

  • Race: Terran Terran
  • League: Diamond

JazBas - Winner!

  • Race: Zerg Zerg
  • League: Diamond

VOD

Have the link to the VOD?

Description

Time

  • Played on: Nov. 13, 2015, 10:40 p.m.
  • Length: 5:43
Show
View Real Time Build Order
Export as new Build Order

Wellmet Terran 

Build Orders: Command Center First (CC) 

Get SALT Encoding   

  12  0:01  SCV  
  13  0:13  SCV  
  14  0:19  Supply Depot  
  14  0:25  SCV  
  15  0:41  SCV  
  16  0:55  SCV  
  17  1:02  Command Center  
  17  1:07  SCV  
  18  1:15  Barracks  
  18  1:20  SCV  
  18  1:24  Refinery  
  19  1:32  SCV  
  20  1:45  SCV  
  21  2:02  Orbital Command  
  21  2:03  Marine  
  22  2:09  Bunker  
  22  2:15  Orbital Command  
  22  2:20  Marine  
  23  2:26  Factory  
  23  2:29  SCV  
  24  2:41  SCV  
  24  2:42  SCV  
  26  2:44  Barracks Reactor  
  26  2:53  SCV  
  27  3:01  Command Center  
  27  3:02  SCV  
  27  3:05  SCV  
  29  3:13  Supply Depot  
  29  3:14  SCV  
  29  3:17  SCV  
  31  3:21  Starport  
  31  3:26  SCV  
  32  3:27  Refinery  
  32  3:30  Hellion x2  
  32  3:31  SCV  
  32  3:33  Barracks Tech Lab  
  37  3:39  SCV  
  38  3:45  Supply Depot  
  38  3:47  SCV  
  39  3:51  SCV  
  39  3:52  Hellion x2  
  39  3:53  Marine  
  45  3:59  SCV  
  46  4:07  SCV, Viking  
  49  4:10  Bunker  
  49  4:11  Marauder  
  49  4:13  Hellion x2  
  49  4:15  SCV  
  44  4:33  Marauder  
  44  4:37  Bunker  
  45  4:43  Hellion  
  48  4:47  SCV x2  
  50  4:54  Hellion, Marauder  
  50  4:55  SCV  
  47  5:08  SCV x2  
  47  5:11  SCV  
  42  5:16  Marauder  
  42  5:20  Hellion  
  40  5:26  SCV  
Show
View Real Time Build Order
Export as new Build Order

JazBas Zerg - Winner!

Build Orders: Hatch First, Ravager All-In 

Get SALT Encoding   

  12  0:00  Drone  
  13  0:10  Drone  
  14  0:18  Extractor x2  
  14  0:19  Drone  
  15  0:23  Overlord  
  15  0:41  Drone  
  15  0:42  Drone  
  17  0:56  Hatchery  
  16  0:57  Drone  
  16  1:00  Drone  
  18  1:06  Drone  
  19  1:18  Spawning Pool  
  18  1:20  Extractor  
  18  1:22  Drone  
  18  1:26  Drone  
  19  1:41  Drone  
  20  1:49  Extractor  
  20  1:53  Drone  
  20  2:00  Drone  
  21  2:08  Roach Warren, Queen  
  21  2:10  Overlord  
  21  2:14  Drone  
  23  2:20  Drone  
  23  2:21  Overlord  
  24  2:29  Overlord  
  24  2:49  Roach x3  
  32  2:51  Roach  
  32  2:53  Roach  
  34  3:10  Ravager x2  
  34  3:11  Ravager  
  37  3:17  Zergling x12  
  43  3:21  Ravager  
  43  3:24  Zergling x2  
  43  3:26  Zergling x2  
  46  3:35  Ravager  
  46  3:39  Zergling x6  
  50  3:47  Overlord  
  50  3:55  Metabolic Boost  
  50  3:57  Zergling x2  
  50  3:58  Zergling x2  
  50  4:14  Zergling x10  
  54  4:28  Zergling x10  
  55  4:40  Zergling x2  
  55  4:41  Zergling x2  
  54  4:50  Zergling x4  
  51  5:16  Zergling x12  
  53  5:25  Zergling x2  
Tags
 
Add a new tag
Caveats
  • Supply blocks, unpowered buildings, or Contaminate may cause inaccurate times.
  • Supply counts are checked every 10 seconds.